[Event "ICC tourney 2556 (25 5)"]
[Site "Internet Chess Club"]
[Date "2021.05.08"]
[Round "1"]
[White "RALLABANDI, SAHASRA:K05-16751997"]
[Black "BIBBS, CONNOR:K05-17198270"]
[Result "1-0"]
[ICCResult "Black checkmated"]
[WhiteElo "1336"]
[BlackElo "595"]
[Opening "Four knights: Scotch, 4...exd4"]
[ECO "C47"]
[NIC "KP.06"]
[Time "11:30:30"]
[PlyCount "31"]
[TimeControl "1500+5"]

1. e4 e5 2. Nf3 Nc6 3. Nc3 Nf6 4. d4 exd4 5. Nxd4 Bc5 6. Be3 d5 7. Nxc6
bxc6 8. Bxc5 Qd7 9. exd5 cxd5 10. Qe2+ Qe6 11. Qxe6+ Bxe6 12. O-O-O Ne4 13.
Bb5+ Kd8 14. Nxe4 f5 15. Ng5 Bc8 16. Nf7# { Black checkmated } 1-0

[Event "ICC tourney 2556 (25 5)"]
[Site "Internet Chess Club"]
[Date "2021.05.08"]
[Round "1"]
[White "NILES, NOAH:K05-30027195"]
[Black "LEYTE VIDAL, BRANDON:K05-17196870"]
[Result "0-1"]
[ICCResult "White checkmated"]
[WhiteElo "408"]
[BlackElo "1118"]
[Opening "Giuoco Piano: Greco variation"]
[ECO "C54"]
[NIC "IG.02"]
[Time "11:30:23"]
[PlyCount "54"]
[TimeControl "1500+5"]

1. e4 e5 2. Nf3 Nc6 3. Bc4 Bc5 4. c3 Nf6 5. d4 exd4 6. cxd4 Bb4+ 7. Nc3
Nxe4 8. O-O Nxc3 9. bxc3 Bxc3 10. Qb3 Bxa1 11. Bxf7+ Kf8 12. Bg5 Ne7 13.
Ne5 d5 14. Bxd5 Bxd4 15. Bf7 Bxe5 16. Bg6 hxg6 17. f4 Bf6 18. Bxf6 gxf6 19.
Qc3 Qd6 20. g4 Bxg4 21. Kg2 Bh3+ 22. Kg1 Bxf1 23. Kxf1 Qxf4+ 24. Kg1 Rxh2
25. Qe1 Rd2 26. a3 Qh2+ 27. Kf1 Qh1# { White checkmated } 0-1

[Event "ICC tourney 2556 (25 5)"]
[Site "Internet Chess Club"]
[Date "2021.05.08"]
[Round "1"]
[White "MARIAN, AARON:K05-15799497"]
[Black "URLANIS, BORIS:K05-16761780"]
[Result "1-0"]
[ICCResult "Black checkmated"]
[WhiteElo "1400"]
[BlackElo "635"]
[Opening "Sicilian: Alapin's variation (2.c3)"]
[ECO "B22"]
[NIC "SI.47"]
[Time "11:31:53"]
[PlyCount "43"]
[TimeControl "1500+5"]

1. e4 c5 2. c3 Nf6 3. e5 Nd5 4. d4 cxd4 5. cxd4 Nc6 6. Nf3 g6 7. Bc4 e6 8.
Bg5 Be7 9. Bxd5 exd5 10. h4 Bxg5 11. hxg5 Qb6 12. Qd2 Ne7 13. Nc3 a5 14. a4
Ra6 15. Nb5 Ra8 16. Nd6+ Kf8 17. Qf4 Nf5 18. g4 Nxd6 19. exd6 Ra6 20. Ne5
Ke8 21. Qxf7+ Kd8 22. Qe7# { Black checkmated } 1-0

[Event "ICC tourney 2556 (25 5)"]
[Site "Internet Chess Club"]
[Date "2021.05.08"]
[Round "1"]
[White "CAO, EVAN:K05-16823573"]
[Black "SINHA, AANVI:K05-16964627"]
[Result "1-0"]
[ICCResult "Black checkmated"]
[WhiteElo "1025"]
[BlackElo "103"]
[Opening "Sicilian defense"]
[ECO "B32"]
[NIC "SI.31"]
[Time "11:31:57"]
[PlyCount "25"]
[TimeControl "1500+5"]

1. e4 c5 2. Nf3 Nc6 3. d4 e5 4. d5 Nce7 5. Nxe5 d6 6. Bb5+ Bd7 7. Nxd7 Nc6
8. dxc6 Be7 9. Nf6+ Nxf6 10. c7+ Nd7 11. cxd8=Q+ Kxd8 12. Qg4 a6 13. Qxd7#
{ Black checkmated } 1-0

[Event "ICC tourney 2556 (25 5)"]
[Site "Internet Chess Club"]
[Date "2021.05.08"]
[Round "1"]
[White "ENMING LIN, BRYAN:K05-30020975"]
[Black "MADDINENI, SHISHIR:K05-17244051"]
[Result "1-0"]
[ICCResult "Black checkmated"]
[WhiteElo "1192"]
[BlackElo "470"]
[Opening "Dutch with c4 & Nc3"]
[ECO "A85"]
[NIC "HD.05"]
[Time "11:30:20"]
[PlyCount "75"]
[TimeControl "1500+5"]

1. d4 f5 2. c4 Nf6 3. Nc3 g6 4. Nf3 Bg7 5. Bg5 O-O 6. Bxf6 Bxf6 7. e3 Re8
8. Be2 d6 9. O-O e5 10. dxe5 dxe5 11. Qxd8 Rxd8 12. Nd5 Bg7 13. Nxc7 e4 14.
Nd4 Nc6 15. Nxc6 bxc6 16. Nxa8 Be5 17. Rad1 Re8 18. b3 Ba6 19. Nc7 Bxc7 20.
Rd7 Bb6 21. Re1 Bc8 22. Rdd1 Be6 23. h3 a5 24. Rc1 Bc5 25. Red1 Ba3 26. Rc2
Bb4 27. c5 Bd5 28. Bc4 Re5 29. Bxd5+ Rxd5 30. Rxd5 cxd5 31. c6 Bd6 32. c7
Kf7 33. c8=Q Ba3 34. Qd7+ Kf6 35. Qd8+ Be7 36. Rc6+ Kf7 37. Rc7 Kf6 38.
Qxe7# { Black checkmated } 1-0

[Event "ICC tourney 2556 (25 5)"]
[Site "Internet Chess Club"]
[Date "2021.05.08"]
[Round "1"]
[White "MUKHILAN A SAMPATH, KAVIN:K05-30070336"]
[Black "DENNIS GADA, KRIS:K05-30135052"]
[Result "1-0"]
[ICCResult "Black checkmated"]
[WhiteElo "1105"]
[BlackElo "384"]
[Opening "Ruy Lopez: modern Steinitz defense, Three knights variation"]
[ECO "C62"]
[NIC "RL.02"]
[Time "11:31:58"]
[PlyCount "25"]
[TimeControl "1500+5"]

1. e4 e5 2. Nf3 Nc6 3. Bb5 d6 4. Nc3 a6 5. Ba4 b5 6. Bb3 Bg4 7. Bd5 Rb8 8.
Bxc6+ Ke7 9. Nd5+ Ke6 10. d3 Bxf3 11. Qxf3 Nh6 12. Bxh6 gxh6 13. Qf5# {
Black checkmated } 1-0

[Event "ICC tourney 2556 (25 5)"]
[Site "Internet Chess Club"]
[Date "2021.05.08"]
[Round "1"]
[White "ERVIN KAPLAN, MILES:K05-16937188"]
[Black "RAO, SUNAY:K05-16538751"]
[Result "1-0"]
[ICCResult "Black checkmated"]
[WhiteElo "1202"]
[BlackElo "480"]
[Opening "Giuoco Pianissimo: Italian four knights variation"]
[ECO "C50"]
[NIC "IG.02"]
[Time "11:31:57"]
[PlyCount "35"]
[TimeControl "1500+5"]

1. e4 e5 2. Nf3 Nc6 3. Bc4 Bc5 4. Nc3 Nf6 5. d3 O-O 6. Bg5 h6 7. Bh4 Nd4 8.
Nxe5 Qe8 9. Bxf6 gxf6 10. Nf3 Nxf3+ 11. Qxf3 d6 12. Qxf6 Bb4 13. Qxh6 Bxc3+
14. bxc3 Be6 15. Qg5+ Kh8 16. Bb3 Bxb3 17. axb3 Rg8 18. Qh6# { Black
checkmated } 1-0

[Event "ICC tourney 2556 (25 5)"]
[Site "Internet Chess Club"]
[Date "2021.05.08"]
[Round "1"]
[White "MAASAI DANIELS, INDIGO:K05-30096534"]
[Black "PARK, JOSHUA:K05-16451732"]
[Result "1-0"]
[ICCResult "Black checkmated"]
[WhiteElo "1100"]
[BlackElo "376"]
[Opening "Vienna gambit"]
[ECO "C29"]
[NIC "VG.04"]
[Time "11:32:26"]
[PlyCount "23"]
[TimeControl "1500+5"]

1. e4 e5 2. Nc3 Nf6 3. f4 exf4 4. e5 Nh5 5. Qxh5 g6 6. Qf3 Bb4 7. Nd5 Nc6
8. Nf6+ Ke7 9. Qxf4 Kf8 10. Bc4 d6 11. Ne4 dxe5 12. Qxf7# { Black
checkmated } 1-0

[Event "ICC tourney 2556 (25 5)"]
[Site "Internet Chess Club"]
[Date "2021.05.08"]
[Round "1"]
[White "MUSE SINEK, JAMES:K05-17174225"]
[Black "REDDY EDULAKANTI, RITHWIK:K05-16559920"]
[Result "0-1"]
[ICCResult "White checkmated"]
[WhiteElo "258"]
[BlackElo "1071"]
[Opening "Giuoco Piano: four knights variation"]
[ECO "C47"]
[NIC "KP.06"]
[Time "11:30:31"]
[PlyCount "50"]
[TimeControl "1500+5"]

1. e4 e5 2. Nf3 Nc6 3. Nc3 Nf6 4. Bc4 Bc5 5. O-O d6 6. d3 Bg4 7. Bg5 Nd4 8.
Ne2 Bxf3 9. gxf3 Nxf3+ 10. Kh1 Nxg5 11. Rg1 Nh3 12. Rg3 Nxf2+ 13. Kg1 Nxd1+
14. Nd4 Bxd4+ 15. Kf1 Ne3+ 16. Kg1 Nxc4+ 17. Kf1 Ne3+ 18. Kg1 Nf5+ 19. Kf1
Nxg3+ 20. hxg3 Ng4 21. c3 Qf6+ 22. Kg2 Qf2+ 23. Kh3 Qh2+ 24. Kxg4 h5+ 25.
Kf3 Qf2# { White checkmated } 0-1

[Event "ICC tourney 2556 (25 5)"]
[Site "Internet Chess Club"]
[Date "2021.05.08"]
[Round "1"]
[White "BANG, ADITYA:K05-16841804"]
[Black "LINARES, BENJAMIN:K05-16387048"]
[Result "1-0"]
[ICCResult "Black checkmated"]
[WhiteElo "1428"]
[BlackElo "647"]
[Opening "King's knight opening"]
[ECO "C40"]
[NIC "KP.10"]
[Time "11:32:28"]
[PlyCount "31"]
[TimeControl "1500+5"]

1. e4 e5 2. Nf3 Bc5 3. d4 exd4 4. Bc4 Nf6 5. O-O O-O 6. e5 Ne4 7. Bd5 c6 8.
Bxe4 d6 9. exd6 Qxd6 10. c3 Bg4 11. Bxh7+ Kxh7 12. Ng5+ Kg8 13. Qxg4 Rd8
14. Qh5 Qe7 15. Qh7+ Kf8 16. Qh8# { Black checkmated } 1-0

[Event "ICC tourney 2556 (25 5)"]
[Site "Internet Chess Club"]
[Date "2021.05.08"]
[Round "1"]
[White "KOWALSKI, OLIVER:K05-16766937"]
[Black "THIMMASAMUDRAM, SANDEEP:K05-16278356"]
[Result "0-1"]
[ICCResult "White checkmated"]
[WhiteElo "477"]
[BlackElo "1199"]
[Opening "Four knights game"]
[ECO "C47"]
[NIC "QP.11"]
[Time "11:31:24"]
[PlyCount "62"]
[TimeControl "1500+5"]

1. Nf3 Nc6 2. Nc3 Nf6 3. e4 e5 4. Ng5 h6 5. Nf3 Bc5 6. Bc4 d6 7. O-O Bg4 8.
h3 Bh5 9. d4 Nxd4 10. Nxd4 Bxd1 11. Rxd1 Bxd4 12. Nb5 O-O 13. c3 a6 14.
cxd4 axb5 15. Bxb5 exd4 16. Rxd4 c6 17. Ba4 Qb6 18. Rc4 d5 19. Rc3 Rxa4 20.
b3 Nxe4 21. Rf3 Qd4 22. bxa4 Qxa1 23. Kh2 Qxc1 24. a5 Qc5 25. a6 bxa6 26.
Rg3 Nxg3 27. fxg3 Re8 28. g4 Qd6+ 29. Kg1 Re1+ 30. Kf2 Qe5 31. Kf3 Qe3# {
White checkmated } 0-1

[Event "ICC tourney 2556 (25 5)"]
[Site "Internet Chess Club"]
[Date "2021.05.08"]
[Round "1"]
[White "ADEWUMI, TANITOLUWA:K05-16649696"]
[Black "EVDOKIMOV, TIMOFEY:K05-16592703"]
[Result "1-0"]
[ICCResult "Black checkmated"]
[WhiteElo "2132"]
[BlackElo "850"]
[Opening "Giuoco Piano: Greco variation"]
[ECO "C54"]
[NIC "IG.02"]
[Time "11:32:13"]
[PlyCount "51"]
[TimeControl "1500+5"]

1. e4 e5 2. Nf3 Nc6 3. Bc4 Bc5 4. c3 Nf6 5. d4 exd4 6. cxd4 Bb4+ 7. Nc3
Nxe4 8. O-O Nxc3 9. bxc3 Bxc3 10. Qb3 Bxa1 11. Bxf7+ Kf8 12. Bg5 Ne7 13.
Rxa1 c6 14. Re1 d5 15. Bxe7+ Qxe7 16. Rxe7 Kxe7 17. Ne5 Rf8 18. Qb4+ Kf6
19. Qxf8 b5 20. Bxd5+ Kg5 21. f4+ Kh6 22. Qd6+ g6 23. Qf8+ Kh5 24. Bf3+ Bg4
25. Bxg4+ Kh4 26. g3# { Black checkmated } 1-0

[Event "ICC tourney 2556 (25 5)"]
[Site "Internet Chess Club"]
[Date "2021.05.08"]
[Round "1"]
[White "VENKATARAJA, LINGAADYAKSSH:K05-15495814"]
[Black "SINGHAL, MEENAKSHI:K05-16551160"]
[Result "1-0"]
[ICCResult "Black checkmated"]
[WhiteElo "1352"]
[BlackElo "603"]
[Opening "King's pawn game"]
[ECO "C21"]
[NIC "KP.10"]
[Time "11:30:33"]
[PlyCount "39"]
[TimeControl "1500+5"]

1. e4 e5 2. d4 Bd6 3. Bc4 Nh6 4. Nf3 O-O 5. Ng5 b6 6. dxe5 Bxe5 7. O-O Nc6
8. f4 Bd4+ 9. Kh1 d6 10. Bd5 Bg4 11. Qd2 Bc5 12. Bxc6 Rc8 13. a3 d5 14.
exd5 Be7 15. Nc3 Bf5 16. Nb5 a6 17. Nd4 Bd7 18. Bxd7 Qxd7 19. Qd3 Qg4 20.
Qxh7# { Black checkmated } 1-0

[Event "ICC tourney 2556 (25 5)"]
[Site "Internet Chess Club"]
[Date "2021.05.08"]
[Round "1"]
[White "KRISHNA, AATMIK:K05-17193623"]
[Black "HUANG WANG, WILLIAM:K05-16426896"]
[Result "0-1"]
[ICCResult "White checkmated"]
[WhiteElo "754"]
[BlackElo "1554"]
[Opening "Sicilian: Hungarian variation"]
[ECO "B27"]
[NIC "SI.43"]
[Time "11:32:06"]
[PlyCount "76"]
[TimeControl "1500+5"]

1. e4 c5 2. Nf3 g6 3. Nc3 Bg7 4. Bc4 e6 5. d3 Ne7 6. Be3 d5 7. exd5 exd5 8.
Bb3 d4 9. Bxd4 cxd4 10. Ne4 O-O 11. c3 dxc3 12. bxc3 Bf5 13. Bc2 Bxe4 14.
dxe4 Bxc3+ 15. Nd2 Bxa1 16. Qxa1 Qc7 17. Bd3 Rd8 18. Qb1 Qd7 19. Ke2 Qg4+
20. Nf3 Nbc6 21. Qb3 Nd4+ 22. Ke3 Nxb3 23. axb3 Rxd3+ 24. Kxd3 Qxg2 25. Ke2
Qxh1 26. Nh4 Qxh2 27. Nf3 Qh5 28. b4 Rd8 29. b5 a6 30. b6 a5 31. e5 a4 32.
e6 fxe6 33. Ke3 a3 34. Nh4 Qxh4 35. f3 Qd4+ 36. Ke2 a2 37. Ke1 Qd2+ 38. Kf1
a1=Q# { White checkmated } 0-1

[Event "ICC tourney 2556 (25 5)"]
[Site "Internet Chess Club"]
[Date "2021.05.08"]
[Round "1"]
[White "SHELLEY, AKSHAT:K05-16824163"]
[Black "JIANG, ANDREW:K05-16091063"]
[Result "0-1"]
[ICCResult "White checkmated"]
[WhiteElo "846"]
[BlackElo "2021"]
[Opening "Giuoco Pianissimo: Canal variation"]
[ECO "C28"]
[NIC "VG.02"]
[Time "11:30:57"]
[PlyCount "42"]
[TimeControl "1500+5"]

1. e4 e5 2. Bc4 Nf6 3. Nc3 Nc6 4. Nf3 Bc5 5. d3 d6 6. Bg5 h6 7. Bxf6 Qxf6
8. Nd5 Qd8 9. h3 Be6 10. O-O O-O 11. b3 a6 12. a4 Rb8 13. Qd2 b5 14. axb5
axb5 15. Nf6+ Qxf6 16. Bxe6 fxe6 17. g4 Qxf3 18. Qc3 Qg3+ 19. Kh1 Qxh3+ 20.
Kg1 Nd4 21. f3 Nxf3# { White checkmated } 0-1

[Event "ICC tourney 2556 (25 5)"]
[Site "Internet Chess Club"]
[Date "2021.05.08"]
[Round "1"]
[White "STERN, KEVIN:K05-16419450"]
[Black "SCHMELZER, ZACHARY:K05-16849843"]
[Result "1-0"]
[ICCResult "Black resigns"]
[WhiteElo "1393"]
[BlackElo "620"]
[Opening "Queen's pawn, Mason variation"]
[ECO "D00"]
[NIC "QP.08"]
[Time "11:32:13"]
[PlyCount "31"]
[TimeControl "1500+5"]

1. d4 d5 2. Bf4 Nc6 3. e3 Nf6 4. c4 e6 5. Nc3 Bb4 6. a3 Bxc3+ 7. bxc3 Ne4
8. Qc2 O-O 9. Bd3 f5 10. cxd5 exd5 11. Nf3 Be6 12. h4 h6 13. h5 a6 14. Ne5
Qd6 15. Ng6 Rfe8 16. Bxd6 { Black resigns } 1-0

[Event "ICC tourney 2556 (25 5)"]
[Site "Internet Chess Club"]
[Date "2021.05.08"]
[Round "1"]
[White "JARQUIN, SEAN:K05-17258072"]
[Black "ZHU, ISABELLA:K05-16795777"]
[Result "0-1"]
[ICCResult "White checkmated"]
[WhiteElo "223"]
[BlackElo "1058"]
[Opening "Sicilian defense"]
[ECO "B20"]
[NIC "SI.48"]
[Time "11:32:11"]
[PlyCount "78"]
[TimeControl "1500+5"]

1. e4 c5 2. Na3 d6 3. Qf3 Nf6 4. e5 dxe5 5. Ba6 Nc6 6. Bb5 Bd7 7. Bxc6 Bxc6
8. Qc3 Bxg2 9. Qxc5 Bxh1 10. Qb5+ Bc6 11. Qb4 e6 12. Qc3 Ne4 13. Qxe5 Bd6
14. Qd4 Bc5 15. Qxd8+ Rxd8 16. Nc4 Bxf2+ 17. Ke2 Bxg1 18. d3 Nd6 19. Nxd6+
Rxd6 20. Bf4 Rd4 21. Be3 Bxe3 22. Kxe3 Rh4 23. Rf1 Rxh2 24. Rg1 O-O 25. Rg4
Rxc2 26. Rb4 h5 27. Kf4 Rg2 28. a4 h4 29. Ke3 h3 30. Rh4 h2 31. Rxh2 Rxh2
32. Kd4 Rxb2 33. Ke5 g5 34. Kf6 g4 35. Kg5 g3 36. Kf6 g2 37. Ke7 g1=Q 38.
Kd6 Qd4+ 39. Kc7 Qd7# { White checkmated } 0-1

[Event "ICC tourney 2556 (25 5)"]
[Site "Internet Chess Club"]
[Date "2021.05.08"]
[Round "1"]
[White "SI YUAN SHEN, DANIEL:K05-30129382"]
[Black "YAO, HANCHI:K05-16512998"]
[Result "0-1"]
[ICCResult "White resigns"]
[WhiteElo "791"]
[BlackElo "1636"]
[Opening "Sicilian"]
[ECO "B56"]
[NIC "SI.25"]
[Time "11:32:25"]
[PlyCount "86"]
[TimeControl "1500+5"]

1. e4 c5 2. Nf3 d6 3. d4 Nf6 4. Nc3 cxd4 5. Nxd4 Nc6 6. Nxc6 bxc6 7. Bc4 e5
8. f3 Be7 9. Be3 O-O 10. Qd2 Be6 11. Bxe6 fxe6 12. O-O-O d5 13. exd5 exd5
14. g4 d4 15. Bg5 dxc3 16. Qxc3 Qc7 17. h4 Rad8 18. Bxf6 Bxf6 19. g5 Be7
20. h5 Rxd1+ 21. Rxd1 Bxg5+ 22. Kb1 Rd8 23. Qc4+ Kh8 24. Rxd8+ Qxd8 25. a3
Qd1+ 26. Ka2 Qd5 27. Qxd5 cxd5 28. b4 Kg8 29. Kb3 Kf7 30. b5 Ke6 31. Kb4
Kd6 32. a4 Bd2+ 33. c3 d4 34. a5 Bxc3+ 35. Kc4 Bxa5 36. Kd3 Kc5 37. Ke4 Bc7
38. f4 exf4 39. Kd3 f3 40. Kd2 Ba5+ 41. Kd3 f2 42. Ke2 Be1 43. b6 d3+ {
White resigns } 0-1

[Event "ICC tourney 2556 (25 5)"]
[Site "Internet Chess Club"]
[Date "2021.05.08"]
[Round "1"]
[White "ZIZOLD, VICTORIA:K05-16744153"]
[Black "CHEN, YEWEI:K05-15857340"]
[Result "0-1"]
[ICCResult "White checkmated"]
[WhiteElo "205"]
[BlackElo "1051"]
[Opening "Sicilian: closed"]
[ECO "B23"]
[NIC "SI.44"]
[Time "11:32:36"]
[PlyCount "48"]
[TimeControl "1500+5"]

1. e4 c5 2. Nc3 d6 3. f3 Nf6 4. Bc4 e6 5. Nge2 a6 6. O-O b5 7. Bb3 c4 8.
Bxc4 bxc4 9. d3 cxd3 10. cxd3 Bb7 11. Bf4 Nc6 12. d4 Be7 13. g4 e5 14. Be3
exd4 15. Bxd4 O-O 16. Be3 Ne5 17. f4 Nexg4 18. Bd4 Nxe4 19. Nxe4 Bxe4 20.
b3 Bf6 21. Ng3 Bxd4+ 22. Qxd4 Bb7 23. a4 Qh4 24. Nf5 Qxh2# { White
checkmated } 0-1

[Event "ICC tourney 2556 (25 5)"]
[Site "Internet Chess Club"]
[Date "2021.05.08"]
[Round "1"]
[White "STINGLEY, MAX:K05-16512763"]
[Black "SINHA, RITIKA:K05-30103427"]
[Result "1-0"]
[ICCResult "Black checkmated"]
[WhiteElo "1020"]
[BlackElo "100"]
[Opening "KP: Nimzovich defense"]
[ECO "B00"]
[NIC "VO.04"]
[Time "11:32:13"]
[PlyCount "45"]
[TimeControl "1500+5"]

1. e4 Nc6 2. d4 Nf6 3. e5 Nxe5 4. dxe5 d6 5. exf6 exf6 6. Qe2+ Qe7 7. Qxe7+
Kxe7 8. Nc3 Bf5 9. Bd3 Bxd3 10. cxd3 d5 11. Nf3 g6 12. O-O g5 13. Nxd5+ Ke6
14. Nxc7+ Kd7 15. Nxa8 Kc8 16. Be3 Kb8 17. Nb6 axb6 18. Bxb6 Be7 19. Nd4 f5
20. Nxf5 Bf8 21. Rfe1 Kc8 22. Rac1+ Kb8 23. Re8# { Black checkmated } 1-0

[Event "ICC tourney 2556 (25 5)"]
[Site "Internet Chess Club"]
[Date "2021.05.08"]
[Round "1"]
[White "MCGRORY, EAMONN:K05-16885888"]
[Black "KRISHNAN, MIHIKA:K05-16596204"]
[Result "0-1"]
[ICCResult "White checkmated"]
[WhiteElo "357"]
[BlackElo "1094"]
[Opening "Four knights: Italian variation"]
[ECO "C47"]
[NIC "KP.06"]
[Time "11:31:03"]
[PlyCount "64"]
[TimeControl "1500+5"]

1. e4 e5 2. Nf3 Nc6 3. Nc3 Nf6 4. Bc4 Nxe4 5. Nxe4 d5 6. Nc3 dxc4 7. O-O
Be6 8. d3 cxd3 9. cxd3 Bc5 10. Be3 Bxe3 11. fxe3 O-O 12. Ng5 Qxg5 13. Ne4
Qxe3+ 14. Rf2 Rad8 15. Qh5 Rxd3 16. Ng5 h6 17. Nh3 Rd2 18. Rf1 Bxh3 19.
gxh3 Rxf2 20. Rxf2 g6 21. Qg4 Rd8 22. Qg2 Rd1+ 23. Qf1 Rxf1+ 24. Kxf1 Qc1+
25. Kg2 Nd4 26. Rf1 Qxb2+ 27. Rf2 Qc1 28. Rf1 Qg5+ 29. Kh1 Ne2 30. a4 Qe3
31. h4 Qe4+ 32. Rf3 Qxf3# { White checkmated } 0-1

[Event "ICC tourney 2556 (25 5)"]
[Site "Internet Chess Club"]
[Date "2021.05.08"]
[Round "1"]
[White "BHOOMA, DHIVIJ:K05-16188670"]
[Black "WOLFE, JAXON:K05-16374716"]
[Result "0-1"]
[ICCResult "White checkmated"]
[WhiteElo "743"]
[BlackElo "1543"]
[Opening "Sicilian: Canal-Sokolsky (Nimzovich-Rossolimo, Moscow) attack"]
[ECO "B51"]
[NIC "SI.01"]
[Time "11:32:01"]
[PlyCount "70"]
[TimeControl "1500+5"]

1. e4 c5 2. Nf3 d6 3. Bb5+ Nc6 4. O-O a6 5. Ba4 b5 6. Bxb5 axb5 7. Nc3 b4
8. Nd5 e6 9. Ne3 Ba6 10. d3 Nf6 11. c3 Be7 12. d4 Bxf1 13. Nxf1 Nxe4 14. d5
Ne5 15. dxe6 fxe6 16. Qe2 Nxf3+ 17. Qxf3 Nf6 18. Bg5 O-O 19. Bxf6 Bxf6 20.
Rd1 Bxc3 21. bxc3 Rxf3 22. cxb4 Rf8 23. bxc5 d5 24. c6 Rxa2 25. Rc1 Raxf2
26. h3 Qb6 27. Ng3 Rc2+ 28. Kh2 Rxc1 29. Ne2 Rxc6 30. Ng3 d4 31. Ne4 Qc7+
32. g3 Rc2+ 33. Kg1 Qb7 34. Nd2 Rxd2 35. g4 Qb1# { White checkmated } 0-1

[Event "ICC tourney 2556 (25 5)"]
[Site "Internet Chess Club"]
[Date "2021.05.08"]
[Round "1"]
[White "PETUKHOV, ARTHUR:K05-16615802"]
[Black "ZONGO, SAMIRA:K05-16439907"]
[Result "1-0"]
[ICCResult "Black checkmated"]
[WhiteElo "1287"]
[BlackElo "560"]
[Opening "Ruy Lopez: Berlin defense, Beverwijk variation"]
[ECO "C65"]
[NIC "RL.07"]
[Time "11:30:22"]
[PlyCount "39"]
[TimeControl "1500+5"]

1. e4 e5 2. Nf3 Nc6 3. Bb5 Nf6 4. O-O Bc5 5. Nxe5 Nxe5 6. d4 Bd6 7. dxe5
Bxe5 8. f4 Bd6 9. e5 Bc5+ 10. Kh1 Ne4 11. Qf3 Ng5 12. fxg5 O-O 13. Bc4 d5
14. Bxd5 Bh3 15. Bxf7+ Kh8 16. Qxh3 g6 17. e6 Bf2 18. Bf4 c5 19. Be5+ Qf6
20. Bxf6# { Black checkmated } 1-0

[Event "ICC tourney 2556 (25 5)"]
[Site "Internet Chess Club"]
[Date "2021.05.08"]
[Round "1"]
[White "A FONSECA, ZURIEL:K05-17280892"]
[Black "MAITI, VEDANT:K05-16844427"]
[Result "0-1"]
[ICCResult "White checkmated"]
[WhiteElo "208"]
[BlackElo "1057"]
[Opening "Réti opening"]
[ECO "A06"]
[NIC "QP.09"]
[Time "11:32:27"]
[PlyCount "56"]
[TimeControl "1500+5"]

1. Nf3 d5 2. Nc3 Nf6 3. d4 Bf5 4. e3 e6 5. e4 dxe4 6. Bd3 exd3 7. Rf1 dxc2
8. Qe2 Be7 9. Rh1 Bg4 10. Qxc2 Bxf3 11. gxf3 Qxd4 12. Be3 Qd7 13. Bg5 O-O
14. Bxf6 Bxf6 15. Qe2 Nc6 16. f4 Nd4 17. Qf3 Nxf3+ 18. Kf1 Bxc3 19. Kg2
Ne1+ 20. Kf1 Qd3+ 21. Kg1 Nf3+ 22. Kg2 Nh4+ 23. Kg1 Qf3 24. Kf1 Qxh1+ 25.
Ke2 Qxa1 26. Kd3 Qxb2 27. Ke3 Qd2+ 28. Ke4 f5# { White checkmated } 0-1

[Event "ICC tourney 2556 (25 5)"]
[Site "Internet Chess Club"]
[Date "2021.05.08"]
[Round "1"]
[White "SWEENEY, JACKSON:K05-30028117"]
[Black "YANG, JON:K05-16665853"]
[Result "0-1"]
[ICCResult "White checkmated"]
[WhiteElo "319"]
[BlackElo "1086"]
[Opening "King's Indian: London system"]
[ECO "A48"]
[NIC "QP.03"]
[Time "11:32:33"]
[PlyCount "74"]
[TimeControl "1500+5"]

1. d4 Nf6 2. Nf3 g6 3. Bf4 Bg7 4. Qd2 h5 5. e3 d6 6. Bd3 Nc6 7. O-O Bd7 8.
Nc3 Nb4 9. Nb5 Nxd3 10. Qxd3 Bf5 11. Qc3 c6 12. e4 Nxe4 13. Rfe1 Nxc3 14.
Nxc3 O-O 15. h3 Re8 16. d5 Bxc3 17. bxc3 cxd5 18. Bh6 Kh7 19. Bg5 f6 20.
Bh4 Bxc2 21. g4 Be4 22. Rxe4 dxe4 23. Nd4 e5 24. Nb5 g5 25. Bg3 h4 26. Bh2
Qa5 27. c4 Red8 28. Rb1 a6 29. Nxd6 Rxd6 30. Rxb7+ Kg8 31. Rb1 Qxa2 32. Rc1
Rad8 33. c5 Rd1+ 34. Rxd1 Rxd1+ 35. Kg2 Qd5 36. c6 e3+ 37. f3 Qd2# { White
checkmated } 0-1

[Event "ICC tourney 2556 (25 5)"]
[Site "Internet Chess Club"]
[Date "2021.05.08"]
[Round "1"]
[White "POTLURI, ROHAN:K05-17308405"]
[Black "KALE, VIHAAN:K05-16144616"]
[Result "0-1"]
[ICCResult "White checkmated"]
[WhiteElo "453"]
[BlackElo "1175"]
[Opening "Caro-Kann defense"]
[ECO "B10"]
[NIC "CK.01"]
[Time "11:31:48"]
[PlyCount "100"]
[TimeControl "1500+5"]

1. e4 c6 2. Nf3 d5 3. exd5 cxd5 4. Be2 Nf6 5. h3 Bf5 6. d3 e6 7. b3 Bc5 8.
Bb2 Nbd7 9. d4 Be7 10. O-O O-O 11. Ne5 Nxe5 12. dxe5 Nd7 13. Na3 Nxe5 14.
Nb5 Nc6 15. Nd4 Nxd4 16. Bxd4 Bf6 17. Bxf6 Qxf6 18. Rb1 Qg6 19. Bd3 Bxd3
20. Qxd3 Qxd3 21. cxd3 Rfc8 22. Rfc1 h6 23. Kh2 Kf8 24. Kg3 Ke8 25. Kf4 Kd7
26. g4 Rxc1 27. Rxc1 Rc8 28. Rxc8 Kxc8 29. Ke5 Kd7 30. f4 Kc6 31. d4 Kb5
32. Kd6 Kb4 33. Kc7 Kc3 34. Kxb7 Kxd4 35. Kxa7 Kc3 36. a4 d4 37. a5 d3 38.
Kb7 d2 39. a6 d1=Q 40. a7 Qd7+ 41. Kb8 Qb5+ 42. Kc7 Qc5+ 43. Kb7 Qd5+ 44.
Kb8 Qb5+ 45. Kc7 Qa6 46. Kb8 Qb6+ 47. Ka8 Kb4 48. f5 Kc5 49. fxe6 Kc6 50.
exf7 Qb7# { White checkmated } 0-1

[Event "ICC tourney 2556 (25 5)"]
[Site "Internet Chess Club"]
[Date "2021.05.08"]
[Round "1"]
[White "SAI POTHABATHULA, RAHUL:K05-17274526"]
[Black "TAITT, ANAIYA:K05-16452296"]
[Result "1-0"]
[ICCResult "Black checkmated"]
[WhiteElo "1154"]
[BlackElo "443"]
[Opening "Four knights: Scotch variation"]
[ECO "C47"]
[NIC "KP.06"]
[Time "11:31:41"]
[PlyCount "67"]
[TimeControl "1500+5"]

1. e4 e5 2. Nf3 Nc6 3. Nc3 Nf6 4. d4 Bd6 5. Bc4 O-O 6. Bg5 h6 7. Bh4 Qe7 8.
Nd5 Qd8 9. Nxf6+ Kh8 10. dxe5 Bb4+ 11. c3 Bc5 12. Nd5 Qe8 13. Nxc7 Bxf2+
14. Kxf2 d5 15. Nxe8 Rxe8 16. Bxd5 Nxe5 17. Nxe5 Rxe5 18. Qf3 Be6 19. Bxe6
Rxe6 20. Rad1 Rae8 21. Rd7 Rxe4 22. Rxf7 Re2+ 23. Qxe2 Rxe2+ 24. Kxe2 Kg8
25. Rxb7 Kh7 26. Rxa7 h5 27. b4 Kh6 28. b5 g5 29. Bxg5+ Kxg5 30. b6 Kg4 31.
b7 h4 32. h3+ Kg3 33. b8=Q+ Kxg2 34. Qh2# { Black checkmated } 1-0